Map: Whirlwind LE (Void)

Players

fropez - Winner!

  • Race: Protoss Protoss
  • League: Gold
  • Spawn Location: 5:00

RudePokemon

  • Race: Terran Terran
  • League: Platinum
  • Spawn Location: 7:00

VOD

Have the link to the VOD?

Description

Time

  • Played on: Dec. 13, 2016, 9:21 p.m.
  • Length: 24:44
Show
View Real Time Build Order
Export as new Build Order

fropez Protoss - Winner!

Build Orders: 1 Gate Expand 

Get SALT Encoding   

  12  0:00  Probe (Chrono Boost)  
  13  0:12  Probe (Chrono Boost)  
  14  0:22  Pylon  
  14  0:23  Probe (Chrono Boost)  
  15  0:40  Gateway  
  16  0:49  Assimilator  
  15  0:51  Probe (Chrono Boost)  
  16  1:01  Probe (Chrono Boost)  
  17  1:12  Probe (Chrono Boost)  
  18  1:19  Nexus  
  18  1:26  Probe (Chrono Boost)  
  19  1:35  Cybernetics Core  
  19  1:36  Probe (Chrono Boost)  
  20  1:40  Assimilator  
  21  1:47  Probe (Chrono Boost)  
  21  1:53  Pylon  
  21  1:57  Probe (Chrono Boost)  
  22  2:11  Stalker  
  22  2:14  Warp Gate  
  24  2:19  Probe (Chrono Boost)  
  25  2:31  Probe (Chrono Boost)  
  25  2:33  Probe (Chrono Boost)  
  27  2:49  Mothership Core (Chrono Boost)  
  30  2:51  Probe (Chrono Boost)  
  30  2:53  Assimilator  
  30  2:57  Assimilator  
  30  2:59  Pylon  
  30  3:03  Probe (Chrono Boost)  
  31  3:09  Pylon, Probe (Chrono Boost)  
  31  3:12  Pylon  
  32  3:15  Probe (Chrono Boost)  
  33  3:22  Probe (Chrono Boost)  
  35  3:28  Robotics Facility  
  35  3:29  Probe (Chrono Boost)  
  35  3:31  Gateway  
  35  3:37  Probe (Chrono Boost)  
  35  3:39  Stalker  
  38  3:46  Probe (Chrono Boost)  
  39  3:49  Gateway  
  39  3:53  Probe (Chrono Boost)  
  40  3:58  Probe (Chrono Boost)  
  41  4:03  Pylon  
  41  4:19  Probe (Chrono Boost)  
  41  4:20  Probe (Chrono Boost)  
  41  4:22  Stalker  
  45  4:29  Probe (Chrono Boost)  
  46  4:37  Observer  
  47  4:51  Stalker  
  47  4:52  Stalker  
  40  5:15  Stalker  
  40  5:16  Stalker  
  42  5:31  Pylon  
  42  5:39  Probe (Chrono Boost)  
  42  5:41  Probe (Chrono Boost)  
  43  5:52  Observer  
  43  5:56  Stalker x2  
  43  5:57  Stalker  
  43  6:17  Probe (Chrono Boost)  
  43  6:19  Probe (Chrono Boost)  
  43  6:21  Observer  
  44  6:28  Probe (Chrono Boost)  
  45  6:36  Stalker x2  
  45  6:48  Nexus  
  45  6:56  Stalker  
  45  6:58  Probe x2 (Chrono Boost)  
  47  7:14  Adept  
  47  7:15  Adept  
  51  7:19  Probe (Chrono Boost)  
  51  7:21  Probe (Chrono Boost)  
  53  7:24  Pylon  
  53  7:30  Probe (Chrono Boost)  
  53  7:33  Probe (Chrono Boost)  
  53  7:36  Adept x3  
  61  7:56  Warp Prism  
  53  8:20  Stalker x3  
  60  8:27  Twilight Council, Gateway  
  60  8:28  Probe (Chrono Boost)  
  60  8:29  Probe (Chrono Boost)  
  60  8:31  Probe (Chrono Boost)  
  62  8:55  Observer, Probe (Chrono Boost)  
  64  8:56  Forge, Probe (Chrono Boost)  
  64  8:57  Probe (Chrono Boost)  
  64  8:58  Pylon  
  66  9:04  Stalker  
  66  9:05  Stalker  
  70  9:19  Adept  
  70  9:39  Adept x2  
  74  9:52  Stalker  
  70  10:09  Probe x2 (Chrono Boost), Protoss Ground Weapons Level 1  
  70  10:10  Probe (Chrono Boost)  
  70  10:13  Adept  
  70  10:14  Adept  
  77  10:18  Assimilator  
  77  10:19  Adept  
  78  10:23  Pylon, Probe (Chrono Boost)  
  78  10:25  Pylon  
  78  10:26  Immortal  
  78  10:50  Probe (Chrono Boost)  
  78  10:51  Probe (Chrono Boost)  
  78  10:52  Probe (Chrono Boost)  
  81  11:01  Probe x2 (Chrono Boost)  
  81  11:03  Assimilator  
  83  11:07  Immortal  
  87  11:17  Stalker x3  
  93  11:38  Pylon  
  93  11:43  Resonating Glaives  
  93  11:45  Protoss Ground Weapons Level 2  
  93  11:50  Sentry x2  
  93  11:51  Sentry  
  100  11:54  Probe (Chrono Boost)  
  100  11:55  Probe (Chrono Boost)  
  100  11:56  Probe (Chrono Boost), Gateway  
  100  11:57  Gateway  
  100  11:59  Gateway  
  101  12:35  Adept x3  
  110  12:37  Probe (Chrono Boost)  
  110  12:38  Probe x2 (Chrono Boost)  
  110  12:42  Nexus  
  110  12:45  Dark Shrine  
  110  12:46  Assimilator  
  110  12:51  Assimilator, Immortal  
  110  12:54  Pylon, Probe (Chrono Boost)  
  110  12:56  Pylon, Probe x2 (Chrono Boost)  
  117  13:03  Photon Cannon  
  117  13:07  Photon Cannon  
  117  13:12  Pylon  
  119  13:13  Probe (Chrono Boost)  
  119  13:14  Probe x2 (Chrono Boost)  
  119  13:15  Pylon  
  119  13:16  Pylon  
  120  13:24  Stalker x4  
  129  13:28  Probe (Chrono Boost)  
  129  13:39  Adept x2  
  133  13:56  Pylon  
  133  13:58  Pylon  
  133  14:00  Pylon  
  133  14:02  Pylon  
  133  14:04  Pylon  
  133  14:06  Dark Templar  
  133  14:07  Pylon  
  135  14:13  Stalker x3  
  136  14:35  Adept x2  
  136  14:37  Probe (Chrono Boost)  
  141  14:48  Probe (Chrono Boost)  
  142  14:58  Probe (Chrono Boost)  
  143  15:01  Protoss Ground Weapons Level 3  
  143  15:06  Dark Templar  
  143  15:07  Dark Templar x3  
  147  15:09  Probe (Chrono Boost)  
  152  15:19  Probe (Chrono Boost)  
  153  15:45  Nexus  
  153  15:47  Nexus  
  153  15:48  Pylon  
  153  15:51  Pylon  
  153  15:52  Probe (Chrono Boost)  
  153  15:53  Probe (Chrono Boost)  
  153  15:54  Probe (Chrono Boost)  
  156  16:03  Probe (Chrono Boost)  
  155  16:13  Probe (Chrono Boost)  
  155  16:15  Adept x2  
  155  16:16  Adept x2  
  165  16:20  Probe (Chrono Boost)  
  165  16:21  Probe (Chrono Boost)  
  166  16:33  Robotics Bay  
  166  16:36  Pylon  
  166  16:38  Pylon, Probe (Chrono Boost)  
  165  17:08  Forge  
  165  17:12  Pylon  
  165  17:14  Probe (Chrono Boost)  
  165  17:15  Pylon  
  166  17:16  Pylon  
  166  17:18  Pylon  
  166  17:19  Assimilator  
  166  17:21  Probe (Chrono Boost)  
  167  17:23  Assimilator  
  167  17:25  Probe (Chrono Boost)  
  168  17:31  Probe (Chrono Boost)  
  168  17:34  Dark Templar  
  168  17:35  Probe (Chrono Boost), Dark Templar x4  
  168  17:36  Gravitic Drive  
  180  17:42  Probe (Chrono Boost)  
  181  17:53  Probe (Chrono Boost)  
  182  17:59  Dark Templar  
  182  18:03  Probe (Chrono Boost)  
  184  18:27  Adept  
  184  18:28  Adept x4  
  184  18:30  Probe (Chrono Boost)  
  181  18:40  Probe (Chrono Boost)  
  180  18:49  Protoss Ground Armor Level 1  
  180  18:51  Probe (Chrono Boost)  
  181  18:59  Dark Templar x2  
  181  19:00  Dark Templar x2  
  181  19:02  Probe (Chrono Boost)  
  184  19:12  Probe (Chrono Boost)  
  165  19:29  Protoss Shields Level 1  
  159  19:49  Probe (Chrono Boost)  
  159  19:50  Probe x2 (Chrono Boost)  
  162  20:05  Nexus  
  158  20:20  Nexus  
  148  20:23  Assimilator  
  148  20:28  Assimilator  
  144  20:30  Pylon  
  144  20:33  Pylon  
  96  21:05  Gateway x2  
  96  21:08  Gateway  
  96  21:10  Gateway  
  90  21:11  Gateway  
  90  21:13  Gateway  
  90  21:15  Gateway  
  86  21:19  Gateway  
  86  21:22  Pylon x2  
  86  21:24  Pylon  
  86  21:25  Pylon  
  86  21:26  Pylon  
  86  21:27  Pylon  
  86  21:28  Pylon x2  
  86  21:31  Pylon  
  86  21:35  Assimilator  
  86  21:41  Pylon  
  86  21:45  Pylon  
  86  21:49  Gateway  
  86  21:52  Probe (Chrono Boost), Gateway  
  86  21:53  Observer Gravitic Boosters  
  85  22:11  Pylon  
  85  22:12  Pylon, Nexus  
  85  22:15  Pylon, Assimilator x2  
  85  22:17  Gateway  
  85  22:18  Pylon  
  85  22:19  Gateway  
  85  22:22  Gateway  
  83  22:23  Gateway  
  83  22:26  Gateway  
  83  22:28  Gateway  
  83  22:30  Stalker x5  
  83  22:31  Pylon, Stalker x4  
  83  22:32  Pylon  
  83  22:34  Pylon  
  83  22:36  Pylon  
  101  22:41  Pylon  
  101  22:46  Pylon  
  101  22:49  Pylon  
  101  22:50  Extended Thermal Lance  
  101  22:52  Pylon  
  101  22:56  Probe x2 (Chrono Boost)  
  101  22:57  Probe (Chrono Boost)  
  104  23:02  Gateway x2  
  104  23:07  Gateway  
  104  23:10  Gateway  
  104  23:11  Stalker x2  
  104  23:12  Stalker x6  
  120  23:13  Gateway, Stalker  
  120  23:16  Pylon  
  122  23:25  Gateway  
  122  23:27  Stargate  
  122  23:28  Stargate  
  122  23:30  Stargate  
  122  23:33  Gateway  
  122  23:37  Gateway  
  122  23:39  Pylon, Gateway  
  122  23:41  Pylon  
  122  23:42  Cybernetics Core, Stalker  
  122  23:43  Stalker x6  
  122  23:44  Cybernetics Core, Stalker x3  
  122  23:47  Pylon  
  138  23:50  Pylon x2  
  138  23:55  Pylon  
  134  23:59  Twilight Council  
  134  24:03  Dark Templar x4  
  134  24:04  Dark Templar x3  
  148  24:10  Gateway  
  148  24:14  Pylon  
  104  24:42  Zealot x3  
  102  24:43  Zealot  
Show
View Real Time Build Order
Export as new Build Order

RudePokemon Terran 

Build Orders: Hellion Banshee 

Get SALT Encoding   

  12  0:01  SCV  
  13  0:13  SCV  
  14  0:19  Supply Depot  
  14  0:25  SCV  
  15  0:41  SCV  
  15  0:42  Barracks  
  16  0:47  Refinery  
  16  0:53  SCV  
  17  1:05  SCV  
  18  1:18  SCV  
  19  1:32  Command Center  
  19  1:39  Supply Depot  
  19  1:47  Marine  
  20  2:00  SCV, Factory  
  21  2:13  Barracks Reactor  
  21  2:22  Orbital Command  
  21  2:26  Refinery  
  21  2:30  Supply Depot  
  21  2:44  Orbital Command  
  21  2:48  SCV  
  22  3:04  Hellion x2  
  26  3:06  SCV  
  27  3:15  Starport  
  27  3:16  SCV  
  27  3:17  Barracks Tech Lab  
  28  3:26  Hellion  
  30  3:28  Hellion  
  30  3:29  SCV  
  30  3:33  SCV  
  34  3:42  SCV  
  34  3:45  SCV  
  34  3:47  Hellion  
  38  3:49  Barracks Tech Lab  
  38  3:50  Hellion  
  38  3:54  SCV  
  41  4:03  Cloaking Field  
  41  4:05  Banshee  
  41  4:08  SCV x2  
  46  4:17  Widow Mine x2  
  46  4:20  SCV x2  
  52  4:24  Refinery  
  52  4:25  Marine  
  52  4:31  Barracks  
  53  4:32  SCV  
  54  4:46  SCV x2  
  50  4:58  SCV  
  51  5:04  Marine, SCV  
  53  5:10  SCV  
  52  5:16  SCV  
  49  5:22  Marine  
  49  5:23  SCV  
  49  5:24  Banshee  
  54  6:00  Liberator  
  54  6:02  Supply Depot  
  54  6:03  Supply Depot  
  54  6:04  Marine x2, Supply Depot  
  54  6:05  Supply Depot  
  54  6:07  Widow Mine  
  54  6:14  Widow Mine  
  52  6:22  Marine x2  
  52  6:27  Barracks  
  52  6:32  Command Center  
  39  6:40  Marine x2  
  39  6:43  Liberator  
  38  6:55  SCV  
  38  6:58  Marine x2  
  38  6:59  Hellion x2  
  48  7:07  SCV  
  48  7:12  Orbital Command  
  46  7:15  Marine x2  
  46  7:19  SCV  
  46  7:20  Hellion x2  
  53  7:31  SCV  
  53  7:33  Marine, Barracks Tech Lab  
  53  7:37  Concussive Shells  
  56  7:41  Hellion  
  56  7:43  SCV  
  59  7:45  Barracks Tech Lab  
  58  7:51  Marine  
  58  7:55  SCV  
  55  8:07  SCV  
  55  8:09  Marine  
  55  8:11  Marine x2  
  58  8:18  SCV  
  57  8:20  Stimpack  
  57  8:24  Widow Mine x2  
  57  8:27  Marine  
  61  8:28  Combat Shields  
  61  8:29  Marine x2, SCV  
  61  8:30  SCV  
  67  8:41  SCV  
  67  8:42  SCV  
  67  8:44  Marine  
  67  8:47  Marine x2  
  71  8:53  SCV, Liberator  
  71  8:54  SCV  
  73  9:02  Marine  
  73  9:04  Marine  
  73  9:05  SCV, Marauder  
  73  9:06  SCV  
  79  9:17  SCV  
  79  9:21  Marauder  
  79  9:23  Marauder  
  84  9:26  Marine  
  85  9:41  Marine  
  85  9:44  Marine x2  
  84  9:59  SCV x2  
  88  10:00  Marauder  
  88  10:02  Marauder x2  
  86  10:21  Marauder  
  86  10:23  Marine x2  
  87  10:41  Marine x2, Hellion x2  
  87  10:42  Marine  
  94  10:57  SCV  
  94  10:58  Refinery  
  94  10:59  Marine x2  
  94  11:00  Marine  
  94  11:03  Hellion  
  100  11:06  Engineering Bay  
  100  11:09  SCV  
  100  11:10  Engineering Bay  
  101  11:12  Armory  
  101  11:16  Supply Depot x2  
  101  11:18  Supply Depot  
  101  11:37  Marine x3, SCV, Hellion  
  107  11:41  Command Center  
  107  11:49  SCV  
  107  11:53  Medivac  
  110  11:55  Marine x2, Marauder  
  110  11:56  Missile Turret  
  110  11:57  Missile Turret  
  114  12:01  SCV  
  114  12:05  Terran Infantry Weapons Level 1  
  115  12:09  Terran Infantry Armor Level 1  
  115  12:12  Marine x2  
  115  12:14  Terran Vehicle Weapons Level 1  
  117  12:16  Marine  
  118  12:23  Medivac  
  120  12:30  Marine x2  
  120  12:34  Marine  
  123  12:45  Hellion  
  125  12:52  Marine x2, Supply Depot  
  125  12:53  Hellion, Marauder, Medivac  
  133  13:01  Supply Depot  
  133  13:06  Planetary Fortress  
  133  13:10  Marine x2  
  135  13:14  Marine, Supply Depot  
  136  13:23  Medivac  
  138  13:28  Marine  
  138  13:29  Marauder  
  138  13:32  Marine  
  138  13:33  SCV x2  
  144  13:45  SCV  
  144  13:46  SCV, Marauder  
  148  13:49  Marine x2  
  148  13:53  Medivac  
  152  13:58  SCV x2  
  154  14:07  Marine x3  
  157  14:10  SCV x2  
  157  14:13  Hellion x2  
  163  14:22  SCV  
  164  14:24  SCV  
  164  14:25  Marine  
  164  14:31  Marine  
  163  14:43  Marine  
  163  14:44  Factory x2  
  163  14:45  Factory  
  164  14:47  Supply Depot  
  164  14:49  Supply Depot  
  164  14:52  Marine, Supply Depot  
  164  14:58  Hellion  
  163  15:00  Missile Turret  
  163  15:01  Hellion, Missile Turret  
  163  15:02  Missile Turret  
  163  15:03  Missile Turret  
  163  15:09  Marauder  
  163  15:10  Marauder  
  170  15:22  Raven  
  170  15:24  Planetary Fortress  
  169  15:30  Marauder  
  171  15:40  Factory Tech Lab  
  171  15:46  Factory Tech Lab, Refinery  
  171  15:47  Factory Tech Lab  
  171  15:50  Missile Turret  
  171  15:51  Missile Turret  
  171  15:52  Missile Turret  
  171  16:00  Missile Turret  
  168  16:11  Refinery  
  168  16:23  Thor x3  
  186  16:26  Raven  
  182  16:59  Marine x2  
  182  17:00  Marine  
  173  17:11  Thor  
  179  17:17  Marine x3  
  180  17:25  Orbital Command  
  180  17:27  Supply Depot x2  
  176  17:31  Supply Depot  
  176  17:32  Supply Depot  
  176  17:35  Marine x3  
  179  17:43  Thor  
  185  17:52  SCV  
  185  17:53  Marine x2  
  185  17:54  Marauder  
  188  18:04  SCV  
  148  19:21  Marine, SCV  
  125  19:38  SCV  
  115  19:44  Marauder  
  105  19:50  SCV  
  105  19:51  Armory  
  103  19:54  Engineering Bay  
  101  20:05  Marine  
  102  20:09  Hellion x3  
  102  20:10  Infernal Pre-Igniter  
  102  20:13  Supply Depot  
  108  20:16  Supply Depot  
  108  20:27  Building Armor  
  108  20:34  Marine  
  108  20:35  Hellion x3  
  107  20:36  Hellion  
  107  20:37  Supply Depot  
  107  20:38  Hellion  
  86  20:52  Marine  
  64  21:10  Marine  
  56  21:24  Thor x2  
  56  21:25  Thor  
  74  21:28  Marine  
  75  21:41  Barracks x2  
  75  21:42  Barracks  
  75  21:44  SCV, Barracks, Missile Turret  
  75  21:45  Marine  
  77  21:49  SCV  
  78  21:56  SCV  
  79  22:01  SCV  
  79  22:03  Marine  
  79  22:05  Missile Turret  
  79  22:07  Thor  
  79  22:08  SCV  
  88  22:14  SCV  
  89  22:17  Hellion x2  
  89  22:20  SCV  
  89  22:21  Marine  
  94  22:25  Starport Tech Lab  
  94  22:26  SCV  
  94  22:27  Missile Turret  
  95  22:30  Refinery  
  95  22:32  SCV, Refinery  
  96  22:38  SCV, Hellion x2  
  96  22:39  Marine  
  96  22:40  Supply Depot x2  
  96  22:43  Supply Depot  
  102  22:44  Supply Depot  
  102  22:46  Supply Depot  
  102  22:57  Marauder  
  104  22:59  Hellion x2  
  104  23:04  Refinery  
  108  23:06  SCV  
  108  23:07  Refinery  
  109  23:14  Marine x3  
  109  23:15  Marine  
  109  23:18  SCV  
  109  23:19  Marauder  
  116  23:21  Hellion x2  
  115  23:30  SCV  
  115  23:32  Marine x2  
  116  23:42  SCV  
  112  23:52  Marine x2  
  112  23:55  SCV  
  117  24:04  Barracks Reactor  
  117  24:05  Barracks Reactor  
  117  24:07  Barracks Tech Lab  
  114  24:10  Marine  
  115  24:17  Barracks Tech Lab  
Tags
 
Add a new tag
Caveats
  • Supply blocks, unpowered buildings, or Contaminate may cause inaccurate times.
  • Supply counts are checked every 10 seconds.